[Event "Titled Tuesday Blitz June 13 Late 2023"]
[White "Mazurkiewicz, Michal"]
[Black "Nazari, Arad"]
[WhiteFideId "1124943"]
[BlackFideId "12577324"]
[WhiteElo "2063"]
[BlackElo "2175"]
[Result "0-1"]
[Round "1"]
[TimeControl "180+2"]
[Date "2023.06.13"]
[WhiteClock "0:01:06"]
[BlackClock "0:01:30"]
[Board "89"]

1. e4 c5 2. Nf3 d6 3. g3 Nf6 4. d3 g6 5. Bg2 Bg7 6. O-O O-O 7. Re1 Nc6 8. e5 dxe5 9. Nxe5 Nxe5 10. Rxe5 Nd7 11. Re1 Rb8 12. Nd2 b6 13. Nc4 Bb7 14. Bf4 Bxg2 15. Bxb8 Bh3 16. Bf4 b5 17. Ne3 e5 18. Bxe5 Nxe5 19. f4 Nc6 20. c3 h5 21. Qf3 Ne7 22. Rad1 Nf5 23. Nxf5 Bxf5 24. Rd2 b4 25. Rc1 bxc3 26. bxc3 Bxc3 0-1


[Site "https://www.chess.com"]

[Event "Titled Tuesday Blitz June 13 Late 2023"]
[White "Tejedor Fuente, Enrique"]
[Black "Smiechu"]
[WhiteFideId "2299100"]
[WhiteElo "2496"]
[BlackElo "2406"]
[Result "1-0"]
[Round "1"]
[TimeControl "180+2"]
[Date "2023.06.13"]
[WhiteClock "0:00:06"]
[BlackClock "0:00:05"]
[Board "90"]

1. Nf3 Nf6 2. d3 c5 3. g3 g6 4. Bg2 Bg7 5. O-O O-O 6. c3 d6 7. Nbd2 Nc6 8. a3 a5 9. a4 Bd7 10. Nc4 Be6 11. Na3 Qd7 12. Nb5 Bh3 13. Bg5 Bxg2 14. Kxg2 Ne8 15. Qd2 Nc7 16. Nxc7 Qxc7 17. Bh6 Rab8 18. h4 d5 19. h5 Ne5 20. Rh1 Nxf3 21. exf3 Bh8 22. hxg6 fxg6 23. Bxf8 Rxf8 24. Qg5 e6 25. Rae1 Qf7 26. Qg4 e5 27. Rh5 Bg7 28. Rhxe5 Bxe5 29. Rxe5 b6 30. Qe6 Rd8 31. Qe7 Qxe7 32. Rxe7 c4 33. d4 b5 34. Rb7 bxa4 35. Rb5 Kf7 36. Kf1 Ke6 37. Ke2 h5 38. Ke3 Ra8 39. f4 Ra7 40. Kd2 Ra8 41. Kc2 Ra7 42. Rb6+ Kf5 43. Rd6 Ke4 44. Rxg6 Rh7 45. Re6+ Kf3 46. f5 Kxf2 47. Rg6 Kf3 48. f6 Ke4 49. Rg7 Rh8 50. f7 Rf8 51. Rg5 Rxf7 52. Re5+ Kf3 53. Rxh5 Rd7 54. Rg5 Ke3 55. Re5+ Kf3 56. Rg5 Ke3 57. g4 Rf7 58. Re5+ Kf4 59. Rxd5 Kxg4 60. Rc5 Rf2+ 61. Kb1 a3 62. bxa3 Rf1+ 63. Kb2 Rf2+ 64. Kb1 Rf1+ 65. Kc2 Rf2+ 66. Kc1 Rf1+ 67. Kd2 Rf2+ 68. Ke3 Ra2 69. Rxc4 Rxa3 70. Kd3 Kf5 71. Rc5+ Ke6 72. Re5+ Kd6 73. Rh5 Ra1 74. Kc4 Kc7 75. Rh7+ Kd6 76. Rh6+ Kc7 77. Kc5 a4 78. Rh7+ Kd8 79. Ra7 a3 80. Kb4 a2 81. Kb3 Rb1+ 82. Kxa2 Rb6 83. Ra3 Kc7 84. Rb3 Rh6 85. Rb4 Kc6 86. Kb3 Kd5 87. Rb5+ Ke4 88. Rg5 Rb6+ 89. Kc4 Rc6+ 90. Rc5 Re6 91. Re5+ Rxe5 92. dxe5 Kxe5 93. Kc5 Ke6 94. c4 1-0


[Site "https://www.chess.com"]

[Event "Titled Tuesday Blitz June 13 Late 2023"]
[White "Myers, Dominique"]
[Black "Tatarinov, Dmitry"]
[WhiteFideId "2041715"]
[BlackFideId "24160067"]
[WhiteElo "1951"]
[BlackElo "2326"]
[Result "1-0"]
[Round "1"]
[TimeControl "180+2"]
[Date "2023.06.13"]
[WhiteClock "0:01:16"]
[BlackClock "0:00:26"]
[Board "91"]

1. e4 c5 2. Nf3 d6 3. d4 cxd4 4. Nxd4 Nf6 5. Nc3 a6 6. h3 e6 7. g4 Be7 8. Bg2 O-O 9. O-O Qc7 10. a4 Bd7 11. Be3 Nc6 12. Qe2 Nxd4 13. Bxd4 Bc6 14. Rad1 Rac8 15. g5 Nd7 16. f4 e5 17. Be3 exf4 18. Bxf4 Ne5 19. Kh2 Qa5 20. Nd5 Bxd5 21. Rxd5 Qxa4 22. b3 Qa2 23. Rf2 Qb2 24. Kh1 Rc6 25. c4 Qxb3 26. c5 Ng6 27. Bxd6 Re8 28. Qd2 Bd8 29. e5 a5 30. Rd3 Qb1+ 31. Rf1 Qb4 32. Qxb4 axb4 33. Bd5 Re6 34. Bxe6 fxe6 35. Rdf3 h6 36. gxh6 gxh6 37. Rg1 Bg5 38. Rf6 Kg7 39. Rxe6 Nf4 40. Re7+ Kg6 41. Rxb7 Nxh3 42. Re1 Nf2+ 43. Kg2 Nd3 44. Rd1 Nxc5 45. Rxb4 Ne6 46. Kf3 Rc3+ 47. Ke4 Nf4 48. Rb6 Kf7 49. Kf5 Ng6 50. Rb7+ Ne7+ 51. Bxe7 Bxe7 52. e6+ Kf8 53. Rdd7 Rc5+ 54. Kg6 Rg5+ 55. Kxh6 Rg7 56. Rb8+ 1-0


[Site "https://www.chess.com"]

[Event "Titled Tuesday Blitz June 13 Late 2023"]
[White "Tanenbaum, Zachary"]
[Black "Carrasco Miranda, Andres"]
[WhiteFideId "2060850"]
[BlackFideId "3405990"]
[WhiteElo "2207"]
[BlackElo "2183"]
[Result "0-1"]
[Round "1"]
[TimeControl "180+2"]
[Date "2023.06.13"]
[WhiteClock "0:00:02"]
[BlackClock "0:00:10"]
[Board "92"]

1. e4 e5 2. Nf3 Nc6 3. Bc4 Bc5 4. c3 Nf6 5. d4 exd4 6. b4 Be7 7. e5 Ne4 8. b5 Na5 9. Bd3 d5 10. exd6 Nxd6 11. Nxd4 O-O 12. O-O Bf6 13. Qc2 g6 14. Bh6 Re8 15. Nd2 c5 16. bxc6 Nxc6 17. Nxc6 bxc6 18. Ne4 Nxe4 19. Bxe4 Qc7 20. Rfe1 Be6 21. Qd3 Bd5 22. Bxd5 cxd5 23. Qxd5 Qxc3 24. Be3 Rad8 25. Qf3 Qxa1 26. Rxa1 Bxa1 27. h4 Bd4 28. Bg5 Rc8 29. h5 Rc2 30. Bh4 Re1+ 31. Kh2 Be5+ 32. g3 Ree2 33. Qa8+ Kg7 34. Bg5 Rxf2+ 35. Kh3 gxh5 36. Bh6+ Kxh6 37. Qf8+ Bg7 38. Qd6+ f6 39. g4 Rh2+ 40. Kg3 Rhg2+ 41. Kf4 Rxg4+ 42. Kf5 Rf2+ 43. Ke6 h4 44. Kf7 h3 45. Qd5 h2 46. Qc6 Rg1 47. Qe4 h1=Q 48. Kg8 Bf8+ 49. Kh8 Qxe4 50. a3 Qg6 51. a4 Qg7# 0-1


[Site "https://www.chess.com"]

[Event "Titled Tuesday Blitz June 13 Late 2023"]
[White "Nikologorsky, Matfei"]
[Black "Zwirs, Nico"]
[WhiteFideId "24102474"]
[BlackFideId "1036432"]
[WhiteElo "2153"]
[BlackElo "2381"]
[Result "0-1"]
[Round "1"]
[TimeControl "180+2"]
[Date "2023.06.13"]
[WhiteClock "0:01:26"]
[BlackClock "0:02:21"]
[Board "93"]

1. e4 c5 2. Nf3 d6 3. d4 cxd4 4. Nxd4 Nf6 5. Nc3 Bd7 6. g3 Nc6 7. Bg2 g6 8. O-O Bg7 9. Nb3 h5 10. h3 Qc8 11. Kh2 Ne5 12. f4 Nc4 13. Qe2 Rb8 14. e5 dxe5 15. fxe5 Nxe5 16. Bf4 Nc6 17. Bxb8 Qxb8 18. Nc5 h4 19. Qf2 Ng4+ 0-1


[Site "https://www.chess.com"]

[Event "Titled Tuesday Blitz June 13 Late 2023"]
[White "Papasimakopoulos, Alexandros"]
[Black "Bueno, Alfeu Junior Varela"]
[WhiteFideId "4244125"]
[BlackFideId "2108879"]
[WhiteElo "2359"]
[BlackElo "2175"]
[Result "1-0"]
[Round "1"]
[TimeControl "180+2"]
[Date "2023.06.13"]
[WhiteClock "0:02:21"]
[BlackClock "0:02:28"]
[Board "94"]

1. d4 e6 2. c4 f5 3. g3 Nf6 4. Bg2 Be7 5. Nf3 O-O 6. O-O d6 7. b3 Nc6 8. Bb2 Qe8 9. Nc3 a6 10. d5 Ne5 11. dxe6 Nc6 12. Nd5 Bd8 13. Bxf6 gxf6 14. Nf4 Bxe6 15. Nxe6 Qxe6 16. Nd4 Nxd4 17. Bd5 1-0


[Site "https://www.chess.com"]

[Event "Titled Tuesday Blitz June 13 Late 2023"]
[White "Pesotskiy, Mikhail"]
[Black "Oro, Faustino"]
[WhiteFideId "34164453"]
[BlackFideId "20000197"]
[WhiteElo "2131"]
[BlackElo "1984"]
[Result "0-1"]
[Round "1"]
[TimeControl "180+2"]
[Date "2023.06.13"]
[WhiteClock "0:00:18"]
[BlackClock "0:00:24"]
[Board "95"]

1. d4 Nf6 2. c4 e6 3. Nc3 Bb4 4. Qc2 d5 5. a3 Bxc3+ 6. Qxc3 O-O 7. Bg5 Nbd7 8. e3 h6 9. Bxf6 Nxf6 10. Nf3 Qe7 11. Rc1 dxc4 12. Bxc4 c6 13. O-O b6 14. Ne5 Bb7 15. b4 Rac8 16. Ba2 Ne4 17. Qd3 c5 18. bxc5 bxc5 19. Bb1 Rfd8 20. f3 Nf6 21. Ng4 g6 22. Nxh6+ Kg7 23. Ng4 cxd4 24. exd4 Rxc1 25. Rxc1 Nxg4 26. fxg4 Qg5 27. Rc7 Ba8 28. Qf1 Rf8 29. h3 Qe3+ 30. Qf2 Qxa3 31. g5 Qa1 32. Qf6+ Kg8 33. Rc1 Qb2 34. Rf1 Qxg2# 0-1


[Site "https://www.chess.com"]

[Event "Titled Tuesday Blitz June 13 Late 2023"]
[White "Khoroshev, Nikita"]
[Black "Ozalp, Burak"]
[WhiteFideId "14200287"]
[BlackFideId "6314210"]
[WhiteElo "2354"]
[BlackElo "2106"]
[Result "1-0"]
[Round "1"]
[TimeControl "180+2"]
[Date "2023.06.13"]
[WhiteClock "0:01:03"]
[BlackClock "0:00:04"]
[Board "96"]

1. e4 c6 2. Nf3 d5 3. Nc3 dxe4 4. Nxe4 Nf6 5. Nxf6+ exf6 6. Bc4 Bd6 7. Qe2+ Qe7 8. Qxe7+ Bxe7 9. O-O O-O 10. Re1 Bd6 11. h3 Bf5 12. d3 Nd7 13. Nh4 Bg6 14. Nxg6 hxg6 15. Bd2 a5 16. a4 Rfe8 17. Rxe8+ Rxe8 18. Kf1 Bb4 19. c3 Bd6 20. d4 f5 21. Re1 Rb8 22. Bd3 Nf6 23. c4 Bb4 24. Bxb4 axb4 25. Bc2 Kf8 26. Rd1 Rd8 27. Ke2 Ke7 28. Kd3 Kd6 29. Re1 b6 30. Re2 Re8 31. Rxe8 Nxe8 32. Bb3 c5 33. Bd1 Nc7 34. dxc5+ Kxc5 35. Bf3 Ne8 36. Bd5 Nd6 37. b3 f6 38. h4 g5 39. hxg5 fxg5 40. Be6 g6 41. f3 Nb7 42. Bf7 Na5 43. Kc2 f4 44. Bxg6 Kd4 45. Bf7 Ke3 46. Bd5 Kf2 47. c5 bxc5 48. Kd3 Kxg2 49. Ke4 Kf2 50. Kf5 Ke3 51. Kxg5 Kd4 52. Be6 c4 53. bxc4 Nxc4 54. Kxf4 b3 55. Bf5 Ne3 56. Be4 b2 57. a5 Nd5+ 58. Kg5 Nb4 59. Bb1 Ke5 60. f4+ Ke6 61. Kg6 Ke7 62. Kg7 Nc6 63. a6 Na7 64. f5 Nc8 65. f6+ Ke6 66. f7 Ne7 67. f8=Q Nf5+ 68. Kh8 1-0


[Site "https://www.chess.com"]

[Event "Titled Tuesday Blitz June 13 Late 2023"]
[White "Zenin, Dmitry"]
[Black "Maatman, Nick"]
[WhiteFideId "4127897"]
[BlackFideId "1040391"]
[WhiteElo "2215"]
[BlackElo "2715"]
[Result "0-1"]
[Round "1"]
[TimeControl "180+2"]
[Date "2023.06.13"]
[WhiteClock "0:00:00"]
[BlackClock "0:00:12"]
[Board "97"]

1. d4 Nf6 2. c4 e6 3. Nc3 Bb4 4. Qc2 d5 5. cxd5 exd5 6. Bg5 h6 7. Bh4 O-O 8. e3 c5 9. dxc5 Nc6 10. Nf3 Bg4 11. Be2 g5 12. Bg3 Ne4 13. O-O Nxc3 14. bxc3 Bxc5 15. Rfd1 Rc8 16. Qb3 Bb6 17. Rxd5 Qf6 18. Rd6 Qg7 19. Rc1 Rfd8 20. c4 Be6 21. Qa3 Rxd6 22. Bxd6 Ba5 23. c5 Bb4 24. Qa4 Qb2 25. Qc2 Qxa2 26. Qxa2 Bxa2 27. h4 g4 28. Nd4 h5 29. Nxc6 Rxc6 30. Ra1 Bd5 31. Rxa7 b6 32. Bb5 Rc8 33. Bd7 Ra8 34. Rxa8+ Bxa8 35. f3 gxf3 36. gxf3 Bxf3 37. Kf2 Be4 38. Be5 Bxc5 39. Bb5 Kh7 40. Be2 Kg6 41. Bc7 Bf5 42. Bf3 Bg4 43. Ke2 Bxf3+ 44. Kxf3 Kf5 45. e4+ Ke6 46. Kf4 b5 47. Kg5 Bd6 48. Ba5 Ke5 49. Kxh5 Kxe4 50. Kg5 b4 51. h5 b3 52. Bc3 Bf4+ 53. Kg4 Bh6 54. Bb2 f5+ 55. Kh4 Kd3 0-1


[Site "https://www.chess.com"]

[Event "Titled Tuesday Blitz June 13 Late 2023"]
[White "Rosen, Eric"]
[Black "Ansh M Shah"]
[WhiteFideId "2032562"]
[BlackFideId "25033379"]
[WhiteElo "2331"]
[BlackElo "2084"]
[Result "1-0"]
[Round "1"]
[TimeControl "180+2"]
[Date "2023.06.13"]
[WhiteClock "0:01:35"]
[BlackClock "0:01:07"]
[Board "98"]

1. d4 c6 2. Bf4 d5 3. e3 g6 4. Nc3 Bg7 5. h4 Nf6 6. Nf3 h5 7. Ne5 Nbd7 8. Qd2 Nxe5 9. Bxe5 Bh6 10. O-O-O Ng4 11. Bxh8 f6 12. Re1 Bf8 13. f3 Nh6 14. e4 Kf7 15. e5 Nf5 16. g4 Bh6 17. g5 fxg5 18. hxg5 Bf8 19. e6+ Bxe6 20. Be5 Qb6 21. Bd3 a5 22. Na4 Qa7 23. Nc5 Bc8 24. Qf4 e6 25. Bxf5 exf5 26. Bd6 1-0


[Site "https://www.chess.com"]

[Event "Titled Tuesday Blitz June 13 Late 2023"]
[White "Fajdetic, Hrvoje"]
[Black "Makridis, Dimitrios"]
[WhiteFideId "14501945"]
[BlackFideId "25864475"]
[WhiteElo "2185"]
[BlackElo "2277"]
[Result "0-1"]
[Round "1"]
[TimeControl "180+2"]
[Date "2023.06.13"]
[WhiteClock "0:00:07"]
[BlackClock "0:02:04"]
[Board "99"]

1. d4 Nf6 2. Bf4 d6 3. Nc3 Nbd7 4. Nf3 g6 5. e4 c5 6. d5 Bg7 7. Be2 b5 8. Bxb5 Rb8 9. Bxd7+ Nxd7 10. Rb1 Rxb2 11. Rxb2 Bxc3+ 12. Bd2 Bxb2 13. c3 Qa5 14. Qb3 Ba3 15. O-O O-O 16. c4 Bb4 17. Bh6 Re8 18. Rb1 Bc3 19. Qb5 Qxb5 20. Rxb5 Ba6 21. a4 Bxb5 22. cxb5 a6 23. bxa6 Ra8 24. Bd2 Bxd2 25. Nxd2 Rxa6 0-1


[Site "https://www.chess.com"]

[Event "Titled Tuesday Blitz June 13 Late 2023"]
[White "Rastbod, Ali"]
[Black "Prieto Aranguren, Alain"]
[WhiteFideId "12567477"]
[BlackFideId "2268906"]
[WhiteElo "2281"]
[BlackElo "2209"]
[Result "1-0"]
[Round "1"]
[TimeControl "180+2"]
[Date "2023.06.13"]
[WhiteClock "0:01:20"]
[BlackClock "0:00:13"]
[Board "100"]

1. d4 Nf6 2. Bg5 g6 3. Bxf6 exf6 4. c4 Bg7 5. Nc3 O-O 6. e3 f5 7. g3 c5 8. Nge2 cxd4 9. Nxd4 Nc6 10. Ndb5 a6 11. Nd6 Qa5 12. Qd2 Ne5 13. Bg2 Qb4 14. O-O Nxc4 15. Nxc4 Qxc4 16. Nd5 Rb8 17. Rac1 Qb5 18. Qc2 d6 19. Ne7+ Kh8 20. Nxc8 Rbxc8 21. Qxc8 Rxc8 22. Rxc8+ Bf8 23. Rxf8+ Kg7 24. Rb8 Qxb2 25. Rxb7 Qxa2 26. Rc1 a5 27. Rcc7 a4 28. Rxf7+ Qxf7 29. Rxf7+ Kxf7 30. Bd5+ Kf6 31. f4 a3 32. Kf2 h6 33. Ke2 g5 34. Kd2 Kg6 35. Kc3 Kh5 36. Bf3+ g4 37. Bd5 Kg6 38. Kb3 Kf6 39. Kxa3 Ke7 40. Kb4 h5 41. Kc4 Kf6 42. Kd4 h4 43. gxh4 Kg6 44. e4 fxe4 45. Kxe4 Kh5 46. f5 Kh6 47. f6 g3 48. hxg3 Kg6 49. f7 Kg7 50. Kf5 Kf8 51. Kg6 Ke7 52. Kg7 1-0


[Site "https://www.chess.com"]

[Event "Titled Tuesday Blitz June 13 Late 2023"]
[White "el_sporco"]
[Black "Fisher_TheGalactic"]
[WhiteElo "2388"]
[BlackElo "2707"]
[Result "0-1"]
[Round "1"]
[TimeControl "180+2"]
[Date "2023.06.13"]
[WhiteClock "0:00:34"]
[BlackClock "0:01:55"]
[Board "101"]

1. e4 b6 2. d4 Bb7 3. Nc3 e6 4. Bd3 Bb4 5. Ne2 Nf6 6. O-O d5 7. e5 Nfd7 8. f4 c5 9. Ng3 c4 10. Be2 g6 11. Bg4 Nc6 12. Nce2 h5 13. Bh3 Qc7 14. c3 Be7 15. f5 exf5 16. e6 fxe6 17. Nf4 Nf8 18. Qe2 Qd7 19. Re1 O-O-O 20. Nxe6 Nxe6 21. Qxe6 Qxe6 22. Rxe6 Rd6 23. Re2 h4 24. Nf1 Kd7 25. Bf4 Re6 26. Rae1 Rxe2 27. Rxe2 Bf6 28. Ne3 Re8 29. Kf2 Nd8 30. g4 hxg3+ 31. hxg3 Ne6 32. Ng2 g5 33. Be5 Bxe5 34. Rxe5 g4 35. Bxg4 fxg4 36. Ne3 Nc5 37. Rxe8 Nd3+ 38. Ke2 Kxe8 39. Nxg4 Nxb2 40. Ne5 Bc8 41. Kd2 Bf5 42. Ke3 Nd1+ 43. Kf4 Be6 44. Nc6 Nxc3 45. Ke5 Bd7 46. Nxa7 Nxa2 0-1


[Site "https://www.chess.com"]

[Event "Titled Tuesday Blitz June 13 Late 2023"]
[White "Stoleriu, George"]
[Black "Prydun, Andriy"]
[WhiteFideId "1227505"]
[BlackFideId "14145898"]
[WhiteElo "2308"]
[BlackElo "2164"]
[Result "0-1"]
[Round "1"]
[TimeControl "180+2"]
[Date "2023.06.13"]
[WhiteClock "0:00:10"]
[BlackClock "0:00:54"]
[Board "102"]

1. e4 c6 2. d4 d5 3. exd5 cxd5 4. Nf3 Nf6 5. Ne5 Nfd7 6. c3 Nxe5 7. dxe5 Nc6 8. Bf4 Qb6 9. Qd2 Bf5 10. Na3 a6 11. Be2 e6 12. O-O Bxa3 13. bxa3 O-O 14. Bd3 Bxd3 15. Qxd3 Na5 16. Rab1 Qc7 17. Rb4 Nc4 18. a4 Rab8 19. Rfb1 f6 20. Bg3 fxe5 21. Re1 Qf7 22. f3 Qf6 23. Qe2 e4 24. Bxb8 Rxb8 25. fxe4 Qxc3 26. Rb3 Qd4+ 27. Kh1 dxe4 28. Rd1 Qc5 29. Qxe4 e5 30. Rxb7 Rf8 31. h3 Ne3 32. Rg1 Nf5 33. Qg4 Qf2 34. Rb3 e4 35. Kh2 e3 36. Rc1 e2 37. Qc4+ Kh8 38. Qf7 Qf4+ 39. Kg1 Qxc1+ 40. Kh2 Qf4+ 41. Kg1 e1=Q# 0-1


[Site "https://www.chess.com"]

[Event "Titled Tuesday Blitz June 13 Late 2023"]
[White "Fernandez Siles, Luis"]
[Black "Pakleza, Zbigniew"]
[WhiteFideId "2209420"]
[BlackFideId "1119290"]
[WhiteElo "2195"]
[BlackElo "2410"]
[Result "0-1"]
[Round "1"]
[TimeControl "180+2"]
[Date "2023.06.13"]
[WhiteClock "0:00:00"]
[BlackClock "0:00:03"]
[Board "103"]

1. d4 d6 2. Nf3 Bg4 3. Nbd2 Nf6 4. h3 Bh5 5. e4 e6 6. c3 d5 7. e5 Nfd7 8. Bd3 c5 9. O-O Nc6 10. Qa4 Be7 11. Re1 O-O 12. Bb1 Rc8 13. dxc5 Nxc5 14. Qf4 Bg6 15. Nb3 Nd3 16. Bxd3 Bxd3 17. Be3 Qc7 18. Rad1 Bg6 19. Qg3 Rfd8 20. Bg5 Qb6 21. h4 h6 22. Bxe7 Nxe7 23. Qf4 a5 24. Qd2 a4 25. Nbd4 a3 26. b3 Qa5 27. Rc1 Rc7 28. g4 Rdc8 29. Re3 Nc6 30. Nxc6 bxc6 31. b4 Qa4 32. c4 Be4 33. cxd5 cxd5 34. Rec3 Rxc3 35. Rxc3 Rb8 36. Rb3 Bxf3 37. Rxf3 Qxb4 38. Qe3 Qxg4+ 39. Rg3 Rb1+ 40. Kg2 Qxh4 41. Rh3 Qg4+ 42. Rg3 Qh4 43. Rh3 Qe4+ 44. Qxe4 dxe4 45. Rxa3 Rb5 46. Rb3 Rxe5 47. a4 g5 48. Ra3 Ra5 49. Kf1 Kg7 50. Ke2 h5 51. Ke3 f5 52. Kd4 h4 53. Kc4 Ra8 54. a5 Kf6 55. Kb5 Ke5 56. a6 Kf4 57. Kb6 g4 58. Kb7 Rf8 59. a7 h3 60. a8=Q Rxa8 0-1


[Site "https://www.chess.com"]

[Event "Titled Tuesday Blitz June 13 Late 2023"]
[White "Martinez Ramirez, Lennis"]
[Black "crosky"]
[WhiteFideId "3509079"]
[WhiteElo "2410"]
[BlackElo "2382"]
[Result "1-0"]
[Round "1"]
[TimeControl "180+2"]
[Date "2023.06.13"]
[WhiteClock "0:00:16"]
[BlackClock "0:00:00"]
[Board "104"]

1. Nf3 Nf6 2. c4 e6 3. e3 d5 4. b3 Be7 5. Bb2 O-O 6. Rg1 c5 7. g4 Nc6 8. g5 Ne4 9. h4 f5 10. d3 Nd6 11. Nc3 d4 12. exd4 cxd4 13. Ne2 e5 14. a3 Re8 15. b4 e4 16. Nfxd4 Nxd4 17. Bxd4 exd3 18. Qxd3 Ne4 19. O-O-O Be6 20. f3 Rc8 21. c5 Nxc5 22. Bxc5 Bxc5 23. bxc5 Rxc5+ 24. Nc3 Qa5 25. Kb2 Rec8 26. Rc1 Qb6+ 27. Ka1 Rxc3 28. Rxc3 Rxc3 29. Qxc3 Qxg1 30. Qd3 f4 31. Kb2 Qf2+ 32. Be2 Qb6+ 33. Kc1 Qg1+ 34. Kd2 Qa1 35. Qd8+ Kf7 36. Qc7+ Kf8 37. Qb8+ Kf7 38. Qxb7+ Kf8 39. Qa8+ Kf7 40. Qxa7+ Kf8 41. Qa8+ Kf7 42. Qb7+ Kf8 43. Qb8+ Kf7 44. Qxf4+ Ke7 45. Qb4+ Kf7 46. Ke3 Qe5+ 47. Kd2 Qa1 48. Bd3 Qg1 49. Qf4+ Ke7 50. Bxh7 Qf2+ 51. Kd3 Qf1+ 52. Kc3 Qa1+ 53. Kc2 Qa2+ 54. Kd1 Bb3+ 55. Ke1 Qa1+ 56. Kf2 Qxa3 57. Qc7+ Ke6 58. Bg8+ Kf5 59. Qc8+ Ke5 60. Qe8+ Kd4 61. Qe4+ Kc5 62. Qe3+ Kb4 63. Qxb3+ 1-0


[Site "https://www.chess.com"]

[Event "Titled Tuesday Blitz June 13 Late 2023"]
[White "Rodriguez, Santiago"]
[Black "Wieczorek, Oskar"]
[WhiteFideId "3000591"]
[BlackFideId "1133950"]
[WhiteElo "2249"]
[BlackElo "2418"]
[Result "0-1"]
[Round "1"]
[TimeControl "180+2"]
[Date "2023.06.13"]
[WhiteClock "0:01:20"]
[BlackClock "0:02:39"]
[Board "105"]

1. d4 g6 2. e4 Bg7 3. Nc3 b6 4. Be3 Bb7 5. h4 h6 6. Qd2 d6 7. O-O-O Nd7 8. f3 a6 9. Kb1 b5 10. g4 Nb6 11. b3 e6 12. Nge2 b4 13. Na4 Nxa4 14. bxa4 Ne7 15. Nc1 a5 16. Nb3 Bc6 17. Bb5 Qd7 18. Bxc6 Qxc6 19. h5 g5 20. f4 gxf4 21. Bxf4 Qxa4 22. g5 Qa3 23. gxh6 Bf6 24. e5 Nd5 25. exf6 Nc3+ 26. Qxc3 bxc3 27. Bc1 Qb4 28. a3 Qb5 29. Ka2 a4 30. Na1 Qc4+ 0-1


[Site "https://www.chess.com"]

[Event "Titled Tuesday Blitz June 13 Late 2023"]
[White "Nasuta, Grzegorz"]
[Black "Topalov, Aleksandar"]
[WhiteFideId "1141686"]
[BlackFideId "925659"]
[WhiteElo "2449"]
[BlackElo "2151"]
[Result "0-1"]
[Round "1"]
[TimeControl "180+2"]
[Date "2023.06.13"]
[WhiteClock "0:00:00"]
[BlackClock "0:00:39"]
[Board "106"]

1. e4 e6 2. d3 d5 3. Nd2 c5 4. Ngf3 Nc6 5. g3 Nf6 6. Bg2 Be7 7. O-O O-O 8. Re1 b5 9. e5 Nd7 10. Nf1 a5 11. h4 b4 12. h5 Ba6 13. h6 g6 14. Bf4 a4 15. Qd2 Nd4 16. N1h2 b3 17. axb3 axb3 18. Nxd4 cxd4 19. Nf3 Qb6 20. c3 dxc3 21. bxc3 Rfc8 22. Rab1 Nc5 23. Bf1 Na4 24. Bg5 Bf8 25. Bf6 Nxc3 26. Qf4 Nxb1 27. Rxb1 Rab8 28. Ng5 Qc7 0-1


[Site "https://www.chess.com"]

[Event "Titled Tuesday Blitz June 13 Late 2023"]
[White "Hoffmann, Asa"]
[Black "Timerkhanov, Alexander"]
[WhiteFideId "2001470"]
[BlackFideId "24177938"]
[WhiteElo "2117"]
[BlackElo "2278"]
[Result "0-1"]
[Round "1"]
[TimeControl "180+2"]
[Date "2023.06.13"]
[WhiteClock "0:00:49"]
[BlackClock "0:01:02"]
[Board "107"]

1. d4 d5 2. Bg5 c5 3. dxc5 f6 4. Bh4 e5 5. e4 Be6 6. exd5 Qxd5 7. Qxd5 Bxd5 8. Nc3 Bc6 9. b4 a5 10. b5 Bd7 11. Bc4 Bxc5 12. Nge2 Ne7 13. f3 Nf5 14. Bf2 Bxf2+ 15. Kxf2 Nd6 16. Bd5 Nxb5 17. Bxb7 Ra7 18. Bd5 Na6 19. Rab1 Nb4 20. Bc4 Na3 21. Bb3 Nxb1 22. Rxb1 Bc6 23. a3 Na6 24. Nd5 Bxd5 25. Bxd5 Ke7 26. c4 Nc5 27. Rb5 Nd7 28. Nc3 Rb8 29. a4 Rxb5 30. axb5 a4 31. Ne4 a3 32. c5 a2 0-1


[Site "https://www.chess.com"]

[Event "Titled Tuesday Blitz June 13 Late 2023"]
[White "benny_aizenberg"]
[Black "Quinones Garcia, Santiago"]
[BlackFideId "4408497"]
[WhiteElo "2691"]
[BlackElo "2173"]
[Result "1-0"]
[Round "1"]
[TimeControl "180+2"]
[Date "2023.06.13"]
[WhiteClock "0:00:35"]
[BlackClock "0:00:46"]
[Board "108"]

1. d4 Nf6 2. c4 g6 3. Nf3 Bg7 4. g3 d5 5. cxd5 Nxd5 6. Bg2 O-O 7. O-O c6 8. Nc3 Nb6 9. Qc2 Bg4 10. Rd1 N8d7 11. h3 Bxf3 12. Bxf3 Nf6 13. b3 Qd7 14. Kg2 Rfd8 15. Bb2 h5 16. e4 h4 17. g4 Qe8 18. d5 cxd5 19. e5 Nfd7 20. Nxd5 Nxe5 21. Nc7 Rdc8 22. Bxb7 Rab8 23. Bxc8 Rxc8 24. Nxe8 Rxc2 25. Rd8 Rxb2 26. Nf6# 1-0


[Site "https://www.chess.com"]

[Event "Titled Tuesday Blitz June 13 Late 2023"]
[White "Melikhov, Evgeny V."]
[Black "Darini, Pouria"]
[WhiteFideId "4122046"]
[BlackFideId "12502200"]
[WhiteElo "2158"]
[BlackElo "2482"]
[Result "1/2-1/2"]
[Round "1"]
[TimeControl "180+2"]
[Date "2023.06.13"]
[WhiteClock "0:00:19"]
[BlackClock "0:00:03"]
[Board "109"]

1. d4 Nf6 2. c4 g6 3. Nc3 d5 4. Nf3 Bg7 5. e3 O-O 6. Be2 c5 7. O-O cxd4 8. exd4 Nc6 9. Re1 Bg4 10. cxd5 Nxd5 11. h3 Bf5 12. Bg5 h6 13. Be3 Rc8 14. Qd2 Nxe3 15. fxe3 h5 16. Bb5 Bh6 17. Bxc6 Rxc6 18. Rad1 Rc8 19. Qf2 Bd7 20. e4 b5 21. d5 b4 22. Ne2 Qb6 23. Ned4 Bb5 24. Nxb5 Qxb5 25. Nd4 Qc5 26. Nc6 Qxf2+ 27. Kxf2 Rc7 28. Nxb4 Rb8 29. Nc6 Rxb2+ 30. Re2 Rb6 31. Rd3 e6 32. Rb3 exd5 33. exd5 Rd7 34. Rxb6 axb6 35. Rb2 Bf8 36. Rd2 Bd6 37. Kf3 Bc5 38. g4 hxg4+ 39. hxg4 f6 40. a4 Kf7 41. Ke4 Kg7 42. Nd4 Ra7 43. Ne6+ Kf7 44. Nxc5 bxc5 45. Ra2 Ke7 46. Kd3 Kd6 47. Kc4 Rb7 48. a5 Rb4+ 49. Kc3 Kxd5 50. a6 Rb8 51. a7 Ra8 52. Ra6 Ke5 53. Kc4 f5 54. gxf5 Kxf5 55. Kxc5 g5 56. Kb6 g4 57. Kb7 Rxa7+ 58. Rxa7 g3 59. Ra4 g2 60. Ra1 Ke4 61. Kc6 Ke3 62. Kd5 Kf2 63. Ke4 g1=Q 64. Rxg1 Kxg1 1/2-1/2


[Site "https://www.chess.com"]

[Event "Titled Tuesday Blitz June 13 Late 2023"]
[White "Jaracz, Pawel"]
[Black "Castella Garcia, Fausto"]
[WhiteFideId "1102222"]
[BlackFideId "3501922"]
[WhiteElo "2454"]
[BlackElo "2245"]
[Result "0-1"]
[Round "1"]
[TimeControl "180+2"]
[Date "2023.06.13"]
[WhiteClock "0:00:00"]
[BlackClock "0:02:01"]
[Board "110"]

1. Nf3 c5 2. e4 d6 3. d4 cxd4 4. Nxd4 Nf6 5. Nc3 g6 6. Be3 Bg7 7. f3 O-O 8. Qd2 Nc6 9. O-O-O Nxd4 10. Bxd4 Be6 11. h4 Qa5 12. a3 Rfc8 13. h5 Bc4 14. hxg6 fxg6 15. g4 Bxf1 16. Rdxf1 Rc4 17. g5 Nxe4 18. Nxe4 Qxd2+ 0-1


[Site "https://www.chess.com"]

[Event "Titled Tuesday Blitz June 13 Late 2023"]
[White "Slavin, Alexey"]
[Black "Skvortsov, Andrei"]
[WhiteFideId "24104388"]
[BlackFideId "24108600"]
[WhiteElo "2264"]
[BlackElo "2259"]
[Result "1/2-1/2"]
[Round "1"]
[TimeControl "180+2"]
[Date "2023.06.13"]
[WhiteClock "0:00:08"]
[BlackClock "0:00:42"]
[Board "111"]

1. e4 d5 2. Nc3 Nf6 3. e5 Nfd7 4. d4 e6 5. f4 c5 6. Nf3 Nc6 7. Be3 a6 8. Qd2 Rb8 9. Be2 b5 10. a3 Be7 11. O-O Qc7 12. Kh1 cxd4 13. Nxd4 Nc5 14. Rae1 b4 15. axb4 Nxb4 16. Bg1 g6 17. Bd1 h5 18. Bf2 Nc6 19. b3 Bd7 20. Nf3 Nb4 21. Bh4 Bxh4 22. Nxh4 Bc6 23. Nf3 h4 24. h3 a5 25. Qf2 Ne4 26. Nxe4 dxe4 27. Ng5 Qb7 28. Kh2 Rd8 29. Re3 Kf8 30. Rfe1 Kg7 31. Nxe4 Bxe4 32. Rxe4 Rxd1 33. Rxb4 axb4 34. Rxd1 Rc8 35. Qxh4 Rxc2 36. Qf6+ Kh7 37. Qh4+ Kg7 38. Qf6+ Kh7 39. Qh4+ Kg7 1/2-1/2


[Site "https://www.chess.com"]